 Dungeon Crawl Stone Soup version 0.30-a0-140-gd1020e658a (webtiles) character file.

Game seed: 7117804130405224072

3348 Decritt the Fighter (level 10, -12/66 (68) HPs)
             Began as a Gargoyle Fighter on Sept 24, 2022.
             Was a Follower of Ru.
             Killed from afar by an orc sorcerer (40 damage)
             ... with a bolt of fire
             ... while paralysed by an orc sorcerer
             ... in a bailey.
             The game lasted 00:20:49 (9054 turns).

Decritt the Fighter (Gargoyle Fighter)              Turns: 9054, Time: 00:20:49

HP:   -12/66 (68)   AC: 25    Str: 24    XL:     10   Next: 2%
MP:   10/10         EV:  2    Int:  9    God:    Ru [*.....]
Gold: 41            SH:  0    Dex:  9    Spells: 9/9 levels left

rFire   . . .      SeeInvis .    D - +7 flail (protect)
rCold   . . .      Faith    .    c - +0 buckler
rNeg    + . .      Spirit   .    p - +0 plate armour
rPois   ∞          Reflect  .    n - +0 helmet
rElec   +          Harm     .    z - +0 cloak
rCorr   .          Rampage  .    (no gloves)
Will    .....                    y - +0 pair of boots
Stlth   ..........               (no amulet)
HPRegen 0.21/turn                g - +4 ring of evasion
MPRegen 0.12/turn                m - ring of flight

@: paralysed, flying, lightly drained
A: sickness immunity, AC +7, negative energy resistance 1, electricity
resistance, torment resistance 1, petrification resistance, no conjurations
magic, no hexes magic, no ice magic
a: Renounce Religion


You were in a bailey.
You worshipped Ru.
Ru was aware of your devotion.
You visited 1 branch of the dungeon, and saw 7 of its levels.
You also visited: Bailey.

You collected 316 gold pieces.
You spent 275 gold pieces at shops.

Inventory:

Hand Weapons
 j - the +4 spear of the Coin {freeze, Dex+7}
   (You found it on level 4 of the Dungeon)

   It freezes those it strikes, dealing additional cold damage.
   It can also slow down cold-blooded creatures.
   Dex:       It affects your dexterity (+7).
 u - a +0 whip
 D - a +7 flail of protection (weapon)
Missiles
 x - 2 throwing nets (quivered)
Armour
 c - a +0 buckler (worn)
 n - a +0 helmet (worn)
 p - a +0 plate armour (worn)
 y - a +0 pair of boots (worn)
 z - a +0 cloak (worn)
Jewellery
 g - a +4 ring of evasion (left hand)
 m - a ring of flight (right hand)
Wands
 f - a wand of polymorph (5)
 l - a wand of light (6)
 v - a wand of roots (11)
 C - a wand of flame (10)
Scrolls
 e - 3 scrolls of poison
 r - 2 scrolls of identify
 w - a scroll of teleportation
 B - a scroll of enchant weapon
Potions
 a - 2 potions of haste
 b - a potion of heal wounds
 d - 2 potions of might
 h - a potion of invisibility {unknown}
 i - a potion of lignification
 k - 4 potions of attraction
 o - 2 potions of mutation
 s - 3 potions of curing


   Skills:
 * Level 9.9 Fighting
 + Level 6.5 Maces & Flails
 * Level 9.1 Armour
 - Level 6.0 Shields


You had 9 spell levels left.
You didn't know any spells.
Your spell library contained the following spells:

 Spells                   Type           Power      Damage    Failure   Level
 Apportation              Tloc           0%         N/A       99%         1
 Necrotise                Necr           0%         1d4       99%         1
 Summon Small Mammal      Summ           0%         N/A       99%         1
 Ignite Poison            Fire/Tmut/Pois 0%         N/A       100%        3
 Agony                    Necr           0%         N/A       100%        5
 Freeze                   Ice            Unusable   1d3       N/A         1
 Dazzling Flash           Conj/Hex       Unusable   N/A       N/A         3
 Frozen Ramparts          Ice            Unusable   1d1       N/A         3
 Hailstorm                Conj/Ice       Unusable   3d3       N/A         4
 Sticky Flame             Conj/Fire      Unusable   2d3       N/A         4
 Silence                  Hex/Air        Unusable   N/A       N/A         5

Dungeon Overview and Level Annotations

Branches:
Dungeon (7/15)             Bailey (1/1)
 Temple: D:4-7

Altars:
Ru
The Shining One

Shops:
D:2 :   D:7 !


Innate Abilities, Weirdness & Mutations

You are immune to sickness and miasma.
Your stone body is resilient. (AC +7)
You are immune to poison.
You resist negative energy. (rN+)
You are resistant to electric shocks. (rElec)
You are resistant to unholy torment.
You are immune to petrification.
You cannot study or cast Conjurations magic.
You cannot study or cast Hexes magic.
You cannot study or cast Ice magic.


Message History

The orc warrior attacks as you move away!
The orc warrior hits you but does no damage.
The orc sorcerer mumbles some strange words.
The orc warrior attacks as you move away!
The orc warrior hits you but does no damage.
There is an open door, spattered with blood here.
Items here: ))))) [[[[[ ††††.
The orc sorcerer mumbles some strange words.
You feel disoriented.
The orc sorcerer gestures at you while chanting.
You suddenly lose the ability to move!
The orc sorcerer gestures wildly while chanting.
You can move again.
Items here: )) [[ ††.
The orc sorcerer casts a spell at you.
The bolt of negative energy hits the hellwing but does no damage.
The hellwing completely resists.
The bolt of negative energy hits you. You partially resist.
You feel drained.
* * * LOW HITPOINT WARNING * * *
The orc sorcerer wildly gestures.
You feel disoriented.
The hellwing swoops through the air toward you!
The hellwing hits you but does no damage.
The hellwing barely misses you.
Items here: )) [[.
You block the hellwing's attack.
The hellwing hits you but does no damage.
The orc sorcerer points at you and mumbles some strange words.
You suddenly lose the ability to move!
The hellwing hits you but does no damage.
The hellwing barely misses you. The hellwing hits you!
* * * LOW HITPOINT WARNING * * *
The hellwing hits you but does no damage. x3
The hellwing barely misses you. The hellwing hits you.
* * * LOW HITPOINT WARNING * * *
The orc sorcerer gestures at you while chanting.
The bolt of fire hits you!!!
Ouch! That really hurt!
You die...

## .. ###############..
#......g#g....'4. #≈≈≈≈≈#
#.8o8.84)4....#..
#≈≈≈≈≈######.o.#############
#≈≈≈≈≈~.#..4)..#
######.≈≈≈≈~.#..@...#
#......≈≈≈≈~.#''#####
#......≈≈≈≈~.#.....#
.............'.....#
..∩..........').⌠..#
.............')....#
#......≈≈≈≈~.#.....#
#......≈≈≈≈).#''#####
######.≈≈≈≈~.#...)..#


You could see a hellwing (summoned), an orc sorcerer, an orc warrior and a
hobgoblin.

Vanquished Creatures
  An orc knight (Bailey)
  Prince Ribbit (D:6)
  Eustachio (D:5)
  A steam dragon (D:7)
  Edmund (D:6)
  Duvessa (D:4)
  5 orc warriors (Bailey)
  3 ice beasts
  A black bear (D:6)
  2 ogres
  A centaur (D:6)
  A phantom (D:5)
  2 scorpions
  Dowan (D:4)
  An electric eel (Bailey)
  2 hounds
  4 orc priests
  Crazy Yiuf (D:2)
  A gnoll bouda (D:5)
  3 jellies
  Terence (D:3)
  4 iguanas
  Ijyb (D:5)
  2 orc wizards
  8 adders
  12 gnolls
  3 ufetubi
  4 worms
  4 dart slugs
  14 orcs
  6 bats
  8 endoplasms
  3 giant cockroaches
  13 goblins
  7 hobgoblins
  4 jackals (D:2)
  10 kobolds
  8 quokkas
  7 ball pythons
  5 frilled lizards
  6 rats
164 creatures vanquished.

Vanquished Creatures (others)
  A goblin (Bailey)
1 creature vanquished.

Grand Total: 165 creatures vanquished

Notes
Turn   | Place    | Note
-------+----------+-------------------------------------------
     0 | D:1      | Decritt the Gargoyle Fighter began the quest for the Orb.
     0 | D:1      | Reached XP level 1. HP: 14/14 MP: 1/1
   220 | D:1      | Reached XP level 2. HP: 4/19 MP: 2/2
   831 | D:1      | Found a faded altar of an unknown god.
   844 | D:1      | Reached XP level 3. HP: 21/23 MP: 3/3
  2582 | D:2      | Reached XP level 4. HP: 28/29 MP: 4/4
  2603 | D:2      | Found Vawuj's Book Boutique.
  2721 | D:2      | Found a runed translucent door.
  2722 | D:2      | Noticed Crazy Yiuf
  2795 | D:2      | Identified the +8 dagger of Quantum Leap {vamp, rPois}
  2863 | D:2      | You fall into a shaft and drop 2 floors!
  3240 | D:3      | Reached XP level 5. HP: 33/33 MP: 5/5
  3425 | D:3      | Noticed Terence
  3430 | D:3      | Killed Terence
  4031 | D:2      | Killed Crazy Yiuf
  4651 | D:4      | Reached XP level 6. HP: 40/40 MP: 6/6
  4655 | D:4      | Reached skill level 5 in Fighting
  5178 | D:4      | Identified the +4 spear of the Coin {freeze, Dex+7}
  5414 | D:5      | Entered Level 5 of the Dungeon
  5442 | D:5      | Noticed Duvessa
  5443 | D:5      | Noticed Dowan
  5473 | D:4      | Killed Duvessa
  5474 | D:4      | Reached XP level 7. HP: 22/45 MP: 7/7
  5477 | D:4      | Killed Dowan
  5648 | D:5      | Reached skill level 5 in Armour
  5648 | D:5      | Reached skill level 5 in Shields
  5751 | D:5      | Noticed Ijyb
  5933 | D:5      | Killed Ijyb
  6277 | D:5      | Found a sacrificial altar of Ru.
  6294 | D:5      | Reached XP level 8. HP: 50/52 MP: 8/8
  6297 | D:5      | Became a worshipper of Ru the Awakened
  6711 | D:5      | Noticed Eustachio
  6736 | D:5      | Killed Eustachio
  6824 | D:5      | Found a glowing golden altar of the Shining One.
  7110 | D:6      | Reached skill level 5 in Maces & Flails
  7387 | D:6      | Gained mutation: You cannot study or cast Ice magic. [Ru
                  | sacrifice]
  7387 | D:6      | Gained mutation: You cannot study or cast Hexes magic. [Ru
                  | sacrifice]
  7387 | D:6      | Gained mutation: You cannot study or cast Conjurations
                  | magic. [Ru sacrifice]
  7387 | D:6      | Reached * piety under Ru
  7422 | D:5      | Reached XP level 9. HP: 36/59 MP: 9/9
  7770 | D:6      | Noticed Edmund
  7772 | D:6      | Noticed Prince Ribbit
  7944 | D:6      | Killed Edmund
  7976 | D:6      | Killed Prince Ribbit
  8502 | D:7      | Found Xielaott's Distillery.
  8508 | D:7      | Bought a potion of haste for 110 gold pieces
  8508 | D:7      | Bought a potion of heal wounds for 55 gold pieces
  8508 | D:7      | Bought a potion of haste for 110 gold pieces
  8587 | D:7      | Found a flagged portal.
  8593 | Bailey   | Entered a bailey
  8800 | Bailey   | Noticed an orc knight
  8850 | Bailey   | Killed an orc knight
  8932 | Bailey   | Reached XP level 10. HP: 49/68 MP: 10/10
  9031 | Bailey   | Noticed an orc sorcerer
  9041 | Bailey   | Paralysed by an orc sorcerer for 3 turns
  9050 | Bailey   | Paralysed by an orc sorcerer for 5 turns
  9054 | Bailey   | Killed from afar by an orc sorcerer

Illustrated notes

Levels and vault maps discovered:
D:1:      dpeg_arrival_boxorama, layout_basic, basic_ecumenical_altar,
          minmay_misc_feat_roman
D:2:      layout_basic, serial_shops, nicolae_shop_behind_doors, st_stairs_8,
          uniq_crazy_yiuf_cottage
D:3:      layout_basic, chequers_serial_rivers_micro_c, uniq_terence
D:4:      layout_loops_corners
D:5:      layout_gridville, tso_oasis_becter, amcnicky_altar_gilded, uniq_ijyb,
          uniq_eustachio, uniq_duvessa
D:6:      layout_loops_ring, uniq_prince_ribbit1, uniq_edmund
D:7:      layout_gridville, minmay_temple_entry_glass, enter_bailey_3,
          serial_shops, nicolae_stop_n_shop_1, dk_vineyard_3, bh_walls_and_bars
Bailey:   bailey_axe_of_yendor_kennysheep, bailey

Skill      XL: |  1  2  3  4  5  6  7  8  9 |
---------------+----------------------------+-----
Fighting       | 4 5 6 8 9 |  9.9
Maces & Flails | 3 4 5 6 |  6.5
Armour         | 4 5 7 9 |  9.1
Shields        | 4 5 6 |  6.0

Action                   |  1- 3 |  4- 6 |  7- 9 | 10-12 || total
-------------------------+-------+-------+-------+-------++-------
Melee: Flail             |   145 |    24 |   102 |    20 ||   291
       Dagger            |       |   112 |       |       ||   112
       Spear             |       |    25 |   282 |       ||   307
Invok: Sacrifice Arcana  |       |       |     1 |       ||     1
  Use: Scroll            |       |    17 |     2 |       ||    19
       Potion            |       |     2 |     1 |       ||     3
Armor: Scale mail        |    52 |    10 |       |       ||    62
       Chain mail        |       |    48 |    20 |       ||    68
       Skin              |       |       |    15 |       ||    15
       Plate armour      |       |       |   167 |    18 ||   185
Dodge: Dodged            |    97 |    88 |   171 |    11 ||   367
Block: Buckler           |    29 |    34 |    95 |     4 ||   162

Table legend: (Time is in decaauts)
 A = Elapsed time spent in this place.
 B = Non-inter-level travel time spent in this place.
 C = Inter-level travel time spent in this place.
 D = Time resting spent in this place.
 E = Time spent auto-exploring this place.
 F = Levels seen in this place.
 G = Mean time per level.
                   A        B        C        D        E       F      G
               +--------+--------+--------+--------+--------+-----+--------+
         Total |   9154 |   8876 |    278 |   2148 |   4988 |   8 | 1144.2 |
       Dungeon |   8679 |   8401 |    278 |   2148 |   4720 |   7 | 1239.9 |
        Bailey |    475 |    475 |      0 |      0 |    268 |   1 |  475.0 |
               +--------+--------+--------+--------+--------+-----+--------+

Top non-repeatable levels by time:
     D:2: 1662 daAuts
     D:1: 1634 daAuts
     D:5: 1600 daAuts
     D:4: 1568 daAuts
     D:6: 1231 daAuts
     D:3: 886 daAuts
  Bailey: 475 daAuts
     D:7: 94 daAuts
